 Dungeon Crawl Stone Soup version 0.22-a0-469-gf26638a (webtiles) character file.

72 Mgcat the Ogre Mage (level 4, 0/39 HPs)
             Began as an Ogre Wizard on June 13, 2018.
             Succumbed to an adder's poison
             ... on level 3 of the Dungeon.
             The game lasted 00:04:27 (1023 turns).

Mgcat the Ogre Mage (Ogre Wizard)                   Turns: 1023, Time: 00:04:28

Health: 0/39       AC:  3    Str: 11    XL:     4   Next: 25%
Magic:  1/10       EV: 15    Int: 25    God:
Gold:   28         SH:  0    Dex: 12    Spells: 1/12 levels left

rFire    . . .     SeeInvis .   j - +0 short sword (freeze)
rCold    . . .     Gourm    .   (no shield)
rNeg     + . .     Faith    .   a - +0 robe
rPois    .         Spirit   .   b - +0 hat
rElec    .         Reflect  .   (no cloak)
rCorr    .         Harm     .   (gloves unavailable)
MR       .....                  (boots unavailable)
Stlth    +++.......             (no amulet)
HPRegen  0.13/turn              (no ring)
MPRegen  0.12/turn              g - ring of positive energy {rN+}

@: brilliant, agile, lethally poisoned (0 -> -3)
A: large, unfitting armour, tough skin 1
a: no special abilities


You were on level 3 of the Dungeon.
You were not hungry.

You visited 1 branch of the dungeon, and saw 3 of its levels.

You collected 28 gold pieces.

Inventory:

Hand Weapons
 e - a +1 club
   (You took it off a hobgoblin on level 1 of the Dungeon)
 j - a +0 short sword of freezing (weapon)
   (You found it on level 2 of the Dungeon)
Armour
 a - a +0 robe (worn)
 b - a +0 hat (worn)
 l - a +0 buckler
   (You found it on level 2 of the Dungeon)
Jewellery
 g - a ring of positive energy (right hand) {rN+}
   (You found it on level 1 of the Dungeon)
Scrolls
 i - a scroll of identify
Potions
 c - a potion of agility
 h - 2 potions of lignification {!q}
Comestibles
 d - a ration
 f - 4 chunks of flesh {@w0}


   Skills:
 - Level 1.7 Dodging
 - Level 1.4 Stealth
 + Level 4.7 Spellcasting
 + Level 2.4 Conjurations
 - Level 0.8 Summonings
 - Level 0.8 Translocations
 + Level 0.3 Fire Magic


You had one spell level left.
You knew the following spells:

 Your Spells              Type           Power        Failure   Level  Hunger
a - Magic Dart            Conj           ####         1%          1    None
b - Call Imp              Summ           ####....     1%          2    None
c - Conjure Flame         Conj/Fire      ####....     1%          3    ##.....
d - Mephitic Cloud        Conj/Pois/Air  ####....     2%          3    ##.....
e - Blink                 Tloc           N/A          1%          2    None

Your spell library contained the following spells:

 Spells                   Type           Power        Failure   Level  Hunger
 Slow                     Hex            ###.....     1%          2    None


Dungeon Overview and Level Annotations

Branches:
Dungeon (3/15)

Altars:


Innate Abilities, Weirdness & Mutations

You are too large for most types of armour.
You have tough skin. (AC +1)


Message History

You hit the hobgoblin. You freeze the hobgoblin.
The hobgoblin is heavily wounded.
The adder bites you.
You are poisoned.
The adder poisons you! The adder closely misses you.
The hobgoblin closely misses you.
You hit the hobgoblin but do no damage.
The hobgoblin is heavily wounded.
You feel sick. The adder bites you.
You are more poisoned.
The adder poisons you! The hobgoblin barely misses you.
You hit the hobgoblin. You freeze the hobgoblin.
You kill the hobgoblin!
You feel sick. The adder bites you.
Casting: Magic Dart (safe; 4% risk of failure)
Confirm with . or Enter, or press ? or * to list all spells.
Aiming: Magic Dart (safe; 4% risk of failure)
Press: ? - help, Shift-Dir - straight line, f - adder
Aim: an adder The magic dart hits the adder.
The adder is moderately wounded.
You feel sick. The adder bites you.
You are more poisoned.
The adder poisons you! The adder barely misses you.
Casting: Magic Dart (safe; 4% risk of failure)
Confirm with . or Enter, or press ? or * to list all spells.
Aiming: Magic Dart (safe; 4% risk of failure)
Press: ? - help, Shift-Dir - straight line, f/p - adder
Aim: an adder (moderately wounded)
The magic dart hits the adder.
The adder is moderately wounded.
You feel sick. The adder bites you.
It was a potion of agility.
You feel agile all of a sudden.
You feel sick. The adder barely misses you.
It was a potion of brilliance.
You feel clever all of a sudden.
* * * LOW HITPOINT WARNING * * *
You feel sick. The adder bites you.
* * * LOW HITPOINT WARNING * * *
The adder bites you.
* * * LOW HITPOINT WARNING * * *
You hit the adder.
The adder seems to slow down.
You freeze the adder.
The adder is heavily wounded.
* * * LOW HITPOINT WARNING * * *
You feel sick. The adder bites you but does no damage.
You hit the adder but do no damage.
The adder is heavily wounded.
* * * LOW HITPOINT WARNING * * *
You feel sick. The adder misses you.
Casting: Magic Dart (safe; 1% risk of failure)
Confirm with . or Enter, or press ? or * to list all spells.
You don't have enough magic to cast that spell.
Unknown command.
Unknown command.
You closely miss the adder.
The adder is heavily wounded.
* * * LOW HITPOINT WARNING * * *
You feel sick. The adder closely misses you.
You miss the adder.
The adder is heavily wounded.
* * * LOW HITPOINT WARNING * * *
You feel sick.
The adder is no longer moving slowly.
The adder completely misses you.
You miss the adder.
The adder is heavily wounded.
* * * LOW HITPOINT WARNING * * *
You feel sick. The adder barely misses you.
You closely miss the adder.
The adder is heavily wounded.
* * * LOW HITPOINT WARNING * * *
You feel sick. The adder closely misses you.
Casting: Magic Dart (safe; 1% risk of failure)
Confirm with . or Enter, or press ? or * to list all spells.
Aiming: Magic Dart (safe; 1% risk of failure)
Press: ? - help, Shift-Dir - straight line, f/p - adder
Aim: an adder (heavily wounded)
The magic dart hits the adder.
You kill the adder!
* * * LOW HITPOINT WARNING * * *
You feel sick.
You see here an adder corpse.
You butcher the adder corpse.
* * * LOW HITPOINT WARNING * * *
You feel sick.
You see here a chunk of flesh {@w0}.
* * * LOW HITPOINT WARNING * * *
You feel sick.
* * * LOW HITPOINT WARNING * * *
You feel sick.
There is a stone staircase leading down here.
You climb downwards.
A leopard gecko comes into view.
Found a ring mail.
Found an escape hatch in the ceiling.
There is a stone staircase leading up here.
The helpless leopard gecko fails to defend itself.
You hit the leopard gecko.
The leopard gecko seems to slow down.
You freeze the leopard gecko.
You kill the leopard gecko!
You die...

#..# ....
#..# #..#
#
#..###<#
#......
#...#####
#@[......
#.#.#####
#.. ..
.... .#
###.# #
.# .# #


There were no monsters in sight!

Vanquished Creatures
  2 adders (D:2)
  An ooze (D:2)
  A worm (D:2)
  2 dart slugs (D:1)
  A leopard gecko (D:3)
  A giant cockroach (D:1)
  2 goblins
  6 hobgoblins
  2 jackals (D:2)
  5 kobolds
  7 bats (D:1)
  4 frilled lizards (D:1)
  3 rats
37 creatures vanquished.

Vanquished Creatures (collateral kills)
  A leopard gecko (D:1)
  A hobgoblin (D:1)
  2 rats (D:1)
4 creatures vanquished.

Grand Total: 41 creatures vanquished

Notes
Turn   | Place    | Note
-------+----------+-------------------------------------------
     0 | D:1      | Mgcat the Ogre Wizard began the quest for the Orb.
     0 | D:1      | Reached XP level 1. HP: 16/16 MP: 5/5
    29 | D:1      | Reached skill level 1 in Conjurations
   188 | D:1      | Reached XP level 2. HP: 24/24 MP: 1/6
   192 | D:1      | Learned a level 2 spell: Call Imp
   230 | D:1      | Reached skill level 4 in Spellcasting
   461 | D:1      | Reached XP level 3. HP: 31/31 MP: 3/8
   573 | D:1      | Reached skill level 2 in Conjurations
   962 | D:2      | Learned a level 3 spell: Conjure Flame
   972 | D:2      | Learned a level 3 spell: Mephitic Cloud
   975 | D:2      | Learned a level 2 spell: Blink
   990 | D:2      | Reached XP level 4. HP: 32/39 MP: 0/10
  1007 | D:2      | HP: 9/39 [adder (1)]
  1012 | D:2      | HP: 5/39 [poisoned by an adder]
  1016 | D:2      | HP: 2/39 [poisoned by an adder]
  1023 | D:3      | Succumbed to an adder's poison

Vault maps used:
D:1:      saegor_arrival_miasma
D:2:      grunt_ashenzari_visionary

Skill      XL: |  1  2  3 |
---------------+----------+-----
Conjurations   | 1 2 |  2.4
Spellcasting   | 4 |  4.7
Dodging        | |  1.7
Stealth        | |  1.4
Summonings     | |  0.8
Translocations | |  0.8
Fire Magic     | |  0.3

Action                   |  1- 3 |  4- 6 || total
-------------------------+-------+-------++-------
Melee: Unarmed           |     3 |       ||     3
       Club              |     8 |       ||     8
       Short sword       |     1 |    17 ||    18
 Cast: Magic Dart        |    76 |     4 ||    80
       Call Imp          |     3 |       ||     3
  Use: Scroll            |     7 |       ||     7
       Potion            |       |     2 ||     2
 Stab: Sleeping          |       |     1 ||     1
Armor: Robe              |     9 |     3 ||    12
Dodge: Dodged            |    20 |    22 ||    42

Table legend:
 A = Spawn XP
 B = Non-spawn XP
 C = Spawn XP percentage of total XP
 D = Spawn monster count
 E = Non-spawn monster count
 F = Spawn count percentage of total count
 G = Total turns spent on level
                    A         B        C        D         E        F      G
               +---------+---------+-------+---------+---------+-------+---------
         Total |       0 |     103 |   0.0 |       0 |      41 |   0.0 |  1023
               +---------+---------+-------+---------+---------+-------+---------
           D:1 |       0 |      46 |   0.0 |       0 |      28 |   0.0 |   808
           D:2 |       0 |      54 |   0.0 |       0 |      12 |   0.0 |   214
           D:3 |       0 |       3 |   0.0 |       0 |       1 |   0.0 |     1
               +---------+---------+-------+---------+---------+-------+---------

Vault maps used:
D:1:      saegor_arrival_miasma
D:2:      grunt_ashenzari_visionary

Table legend:
 A = Turns spent in this place as a percentage of turns spent in the entire game.
 B = Non-inter-level travel turns spent in this place as a percentage of non-inter-level travel turns spent in the entire game.
 C = Inter-level travel turns spent in this place as a percentage of turns spent in this place.
 D = Turns resting spent in this place as a percentage of non-inter-level travel turns spent in this place.
 E = Turns spent auto-exploring this place as a percentage of non-inter-level travel turns spent in this place.
 F = Non-inter-level travel turns spent in this place divided by the number of levels of this place that you've seen.
                   A       B       C       D       E      F
               +-------+-------+-------+-------+-------+----------------------
         Total | 100.0 | 100.0 |   3.0 |   0.0 |  73.6 | 330.7
       Dungeon | 100.0 | 100.0 |   3.0 |   0.0 |  73.6 | 330.7
               +-------+-------+-------+-------+-------+----------------------

Table legend:
 A = Kills in this place as a percentage of kills in entire the game.
 B = Kills by you in this place as a percentage of kills by you in the entire game.
 C = Kills by friends in this place as a percentage of kills by friends in the entire game.
 D = Other kills in this place as a percentage of other kills in the entire game.
 E = Experience gained in this place as a percentage of experience gained in the entire game.
 F = Experience gained in this place divided by the number of levels of this place that you have seen.
                   A       B       C       D       E      F
               +-------+-------+-------+-------+-------+----------------------
         Total | 100.0 | 100.0 | 100.0 |   N/A | 100.0 |  34.3
       Dungeon | 100.0 | 100.0 | 100.0 |   N/A | 100.0 |  34.3
               +-------+-------+-------+-------+-------+----------------------
